TOP OF THE 1ST |
Charleston RiverDogs batting - Pitching for Burlington Bees : RHP Getachew El Sayed
|
Pitching: RHP Getachew El Sayed
|
|
Batting: RHB Jonathan Iniguez
|
0-0: Called Strike 0-1: Fly out, F9 (Flyball, 9, EV 77.5 MPH)
|
Batting: SHB Corey Penson
|
0-0: Ball 1-0: Foul Ball, location: 2F 1-1: Swinging Strike 1-2: Ball 2-2: Strikes out swinging
|
Batting: LHB Justin O'Neal
|
0-0: Called Strike 0-1: Swinging Strike 0-2: Foul Ball, location: 2F 0-2: Ball 1-2: Strikes out swinging
|
Top of the 1st over - 0 runs, 0 hits, 0 errors, 0 left on base; Charleston 0 - Burlington 0 |
BOTTOM OF THE 1ST |
Burlington Bees batting - Pitching for Charleston RiverDogs : RHP Bill Setzer
|
Pitching: RHP Bill Setzer
|
|
Batting: RHB T.J. Gray
|
0-0: SINGLE (Groundball, 6MD, EV 94.4 MPH)
|
Batting: RHB Dan Burkhart
|
0-0: Ball 1-0: Foul Ball, location: 2F 1-1: Fielders Choice at 2nd, 4-6 (Groundball, 34, EV 105.0 MPH)
|
Batting: LHB Dave Hicks
|
0-0: Foul Ball, location: 2F 0-1: Ball 1-1: Foul Ball, location: 2F 1-2: Foul Ball, location: 2F 1-2: Fly out, F8 (Line Drive, 8LM, EV 93.8 MPH)
|
Batting: SHB Danny Gelinas
|
0-0: Called Strike 0-1: Foul Ball, location: 2F 0-2: Ball 1-2: Foul Ball, location: 2F 1-2: Ball 2-2: Fly out, F8 (Line Drive, 8RM, EV 86.2 MPH)
|
Bottom of the 1st over - 0 runs, 1 hit, 0 errors, 1 left on base; Charleston 0 - Burlington 0 |
TOP OF THE 2ND |
Charleston RiverDogs batting - Pitching for Burlington Bees : RHP Getachew El Sayed
|
Batting: RHB Mike Zern
|
0-0: Called Strike 0-1: Called Strike 0-2: Strikes out swinging
|
Batting: LHB Steve LeGrand
|
0-0: Ball 1-0: Ball 2-0: Ball 3-0: Called Strike 3-1: Foul Ball, location: 2F 3-2: Strikes out swinging, 2-3 out at first.
|
Batting: LHB Dale Anderson
|
0-0: Ball 1-0: Ground out U3 (Groundball, 3S, EV 69.4 MPH)
|
Top of the 2nd over - 0 runs, 0 hits, 0 errors, 0 left on base; Charleston 0 - Burlington 0 |
BOTTOM OF THE 2ND |
Burlington Bees batting - Pitching for Charleston RiverDogs : RHP Bill Setzer
|
Batting: RHB Peter Westover
|
0-0: Called Strike 0-1: Swinging Strike 0-2: Ball 1-2: Foul Ball, location: 2F 1-2: Foul Ball, location: 2F 1-2: Ball 2-2: SINGLE (Groundball, 4S, EV 64.4 MPH) (infield hit)
|
Batting: LHB Spencer Palmer
|
0-0: Called Strike 0-1: Fielders Choice at 2nd, 4-6 (Groundball, 4, EV 86.2 MPH)
|
Batting: RHB Rory Cobb
|
0-0: Ball 1-0: Called Strike 1-1: Swinging Strike 1-2: Strikes out swinging
|
Batting: LHB Alberto Carrillo
|
0-0: Fly out, F3 (Line Drive, 3L, EV 68.8 MPH)
|
Bottom of the 2nd over - 0 runs, 1 hit, 0 errors, 1 left on base; Charleston 0 - Burlington 0 |
TOP OF THE 3RD |
Charleston RiverDogs batting - Pitching for Burlington Bees : RHP Getachew El Sayed
|
Batting: LHB Marc Durgin
|
0-0: Foul Ball, location: 2F 0-1: Ball 1-1: Ball 2-1: Foul Ball, location: 2F 2-2: Foul Ball, location: 2F 2-2: SINGLE (Groundball, 6MD, EV 98.1 MPH)
|
Batting: RHB Nate Singleton
|
0-0: Called Strike Marc Durgin steals 2nd base 0-1: SINGLE (Groundball, 6MD, EV 100.0 MPH) Marc Durgin to third
|
Batting: RHB Louwe Starmans
|
0-0: Called Strike 0-1: Swinging Strike 0-2: Foul Ball, location: 2F 0-2: Ball 1-2: Ball 2-2: Foul Ball, location: 2F 2-2: Strikes out swinging
|
Batting: RHB Jonathan Iniguez
|
0-0: Foul Ball, location: 2F 0-1: Foul Ball, location: 2F 0-2: Foul Ball, location: 2F 0-2: Fielders Choice at 2nd, U6 (Groundball, 4M, EV 94.4 MPH) Marc Durgin scores
|
Batting: SHB Corey Penson
|
0-0: Ball Jonathan Iniguez steals 2nd base 1-0: Ground out 4-3 (Groundball, 4, EV 82.5 MPH)
|
Top of the 3rd over - 1 run, 2 hits, 0 errors, 1 left on base; Charleston 1 - Burlington 0 |
BOTTOM OF THE 3RD |
Burlington Bees batting - Pitching for Charleston RiverDogs : RHP Bill Setzer
|
Pitching: RHP Michel van Kampen
|
|
Batting: RHB Davey Verhoog
|
0-0: Called Strike 0-1: Ground out 4-3 (Groundball, 4, EV 107.5 MPH)
|
Batting: RHB T.J. Gray
|
0-0: Fly out, F8 (Flyball, 8LM, EV 89.4 MPH)
|
Batting: RHB Dan Burkhart
|
0-0: Ball 1-0: Foul Ball, location: 2F 1-1: Ground out 6-3 (Groundball, 6, EV 103.1 MPH)
|
Bottom of the 3rd over - 0 runs, 0 hits, 0 errors, 0 left on base; Charleston 1 - Burlington 0 |
TOP OF THE 4TH |
Charleston RiverDogs batting - Pitching for Burlington Bees : RHP Getachew El Sayed
|
Batting: LHB Justin O'Neal
|
0-0: Ball 1-0: Ball 2-0: Fly out, F8 (Flyball, 8RD, EV 106.2 MPH)
|
Batting: RHB Mike Zern
|
0-0: Ball 1-0: Ball 2-0: Fly out, F7 (Flyball, 7D, EV 92.5 MPH)
|
Batting: LHB Steve LeGrand
|
0-0: SINGLE (Groundball, 25, EV 69.4 MPH) (infield hit)
|
Batting: LHB Dale Anderson
|
0-0: Ball Steve LeGrand steals 2nd base 1-0: Swinging Strike 1-1: Foul Ball, location: 2F 1-2: Ball 2-2: Ball 3-2: Strikes out looking
|
Top of the 4th over - 0 runs, 1 hit, 0 errors, 1 left on base; Charleston 1 - Burlington 0 |
BOTTOM OF THE 4TH |
Burlington Bees batting - Pitching for Charleston RiverDogs : RHP Michel van Kampen
|
Batting: LHB Dave Hicks
|
0-0: Ball 1-0: Called Strike 1-1: Ball 2-1: Foul Ball, location: 2F 2-2: Foul Ball, location: 2F 2-2: Foul Ball, location: 2F 2-2: Ball 3-2: Base on Balls
|
Batting: SHB Danny Gelinas
|
0-0: Swinging Strike 0-1: SINGLE (Line Drive, 4D, EV 99.4 MPH) Dave Hicks to second Runner from 2nd tries for 3rd, SAFE, throw by RF made to third
|
Batting: RHB Peter Westover
|
0-0: TRIPLE (Flyball, 7LD, EV 99.4 MPH) Dave Hicks scores Danny Gelinas scores
|
Batting: LHB Spencer Palmer
|
0-0: Ball 1-0: Called Strike 1-1: Foul Ball, location: 2F 1-2: Ball 2-2: SINGLE (Groundball, 4MD, EV 97.5 MPH) Peter Westover scores
|
Batting: RHB Rory Cobb
|
0-0: Called Strike 0-1: SINGLE (Groundball, 6D, EV 95.6 MPH) Spencer Palmer to second
|
Pitching: RHP Greg Ritchie
|
|
Batting: LHB Alberto Carrillo
|
0-0: Called Strike 0-1: Swinging Strike 0-2: Strikes out swinging
|
Batting: RHB Davey Verhoog
|
0-0: Ball 1-0: Ball 2-0: Fielders Choice at 2nd, 6-4 (Groundball, 6M, EV 106.9 MPH) Spencer Palmer to third
|
Batting: RHB T.J. Gray
|
0-0: Called Strike 0-1: Called Strike 0-2: Ball 1-2: Ball 2-2: Ground out 4-3 (Groundball, 4, EV 93.1 MPH)
|
Bottom of the 4th over - 3 runs, 4 hits, 0 errors, 2 left on base; Charleston 1 - Burlington 3 |
TOP OF THE 5TH |
Charleston RiverDogs batting - Pitching for Burlington Bees : RHP Getachew El Sayed
|
Batting: LHB Marc Durgin
|
0-0: Called Strike 0-1: Swinging Strike 0-2: Strikes out swinging
|
Batting: RHB Nate Singleton
|
0-0: Called Strike 0-1: Called Strike 0-2: Ball 1-2: Foul Ball, location: 2F 1-2: Fly out, F7 (Flyball, 7, EV 91.9 MPH)
|
Batting: RHB Louwe Starmans
|
0-0: Called Strike 0-1: Ball 1-1: Fly out, F4 (Line Drive, 4M, EV 65.0 MPH)
|
Top of the 5th over - 0 runs, 0 hits, 0 errors, 0 left on base; Charleston 1 - Burlington 3 |
BOTTOM OF THE 5TH |
Burlington Bees batting - Pitching for Charleston RiverDogs : RHP Greg Ritchie
|
Batting: RHB Dan Burkhart
|
0-0: Ground out 5-3 (Groundball, 5L, EV 81.9 MPH)
|
Batting: LHB Dave Hicks
|
0-0: Foul Ball, location: 2F 0-1: Swinging Strike 0-2: Ball 1-2: Strikes out swinging
|
Batting: SHB Danny Gelinas
|
0-0: Ball 1-0: Swinging Strike 1-1: Fly out, F9 (Flyball, 9S, EV 94.4 MPH)
|
Bottom of the 5th over - 0 runs, 0 hits, 0 errors, 0 left on base; Charleston 1 - Burlington 3 |
TOP OF THE 6TH |
Charleston RiverDogs batting - Pitching for Burlington Bees : RHP Getachew El Sayed
|
Batting: RHB Jonathan Iniguez
|
0-0: Ball 1-0: Ball 2-0: Ball 3-0: Swinging Strike 3-1: Called Strike 3-2: Strikes out swinging
|
Batting: SHB Corey Penson
|
0-0: Ground out U3 (Groundball, 3, EV 109.4 MPH)
|
Batting: LHB Justin O'Neal
|
0-0: Ball 1-0: Foul Ball, location: 2F 1-1: Ball 2-1: Called Strike 2-2: Strikes out swinging
|
Top of the 6th over - 0 runs, 0 hits, 0 errors, 0 left on base; Charleston 1 - Burlington 3 |
BOTTOM OF THE 6TH |
Burlington Bees batting - Pitching for Charleston RiverDogs : RHP Greg Ritchie
|
Batting: RHB Peter Westover
|
0-0: Ball 1-0: Fly out, F8 (Line Drive, 8RS, EV 93.1 MPH)
|
Batting: LHB Spencer Palmer
|
0-0: Foul Ball, location: 2F 0-1: Ball 1-1: Ball 2-1: Fly out, F8 (Flyball, 8RM, EV 99.4 MPH)
|
Batting: RHB Rory Cobb
|
0-0: Called Strike 0-1: Ball 1-1: Ball 2-1: Ball 3-1: Ground out 4-3 (Groundball, 4, EV 91.2 MPH)
|
Bottom of the 6th over - 0 runs, 0 hits, 0 errors, 0 left on base; Charleston 1 - Burlington 3 |
TOP OF THE 7TH |
Charleston RiverDogs batting - Pitching for Burlington Bees : RHP Getachew El Sayed
|
Pitching: RHP Jose Alvarado
|
|
Batting: RHB Mike Zern
|
0-0: Ball 1-0: Ball 2-0: Ball 3-0: Called Strike 3-1: Swinging Strike 3-2: Base on Balls
|
Batting: LHB Steve LeGrand
|
0-0: Called Strike 0-1: Ball 1-1: Called Strike 1-2: Strikes out swinging
|
Batting: LHB Dale Anderson
|
0-0: Ball 1-0: Ball 2-0: SINGLE (Line Drive, 6MD, EV 102.5 MPH) Mike Zern to second
|
Batting: LHB Marc Durgin
|
0-0: Fly out, F4 (Popup, 4, EV 70.0 MPH)
|
Batting: RHB Nate Singleton
|
0-0: Called Strike 0-1: Fielders Choice at 2nd, 5-4 (Groundball, 56, EV 82.5 MPH)
|
Top of the 7th over - 0 runs, 1 hit, 0 errors, 2 left on base; Charleston 1 - Burlington 3 |
BOTTOM OF THE 7TH |
Burlington Bees batting - Pitching for Charleston RiverDogs : RHP Greg Ritchie
|
Pitching: LHP Ferrie Werkhoven
|
|
Batting: LHB Alberto Carrillo
|
0-0: Foul Ball, location: 2F 0-1: Ball 1-1: Fly out, F8 (Line Drive, 8LM, EV 93.1 MPH)
|
Pitching: LHP Alex Pulido
|
|
Batting: RHB Davey Verhoog
|
0-0: Foul Ball, location: 2F 0-1: Swinging Strike 0-2: Ball 1-2: Ground out 4-3 (Groundball, 4, EV 100.6 MPH)
|
Batting: RHB T.J. Gray
|
0-0: Called Strike 0-1: Called Strike 0-2: Ball 1-2: Ground out 6-3 (Groundball, 6M, EV 85.6 MPH)
|
Bottom of the 7th over - 0 runs, 0 hits, 0 errors, 0 left on base; Charleston 1 - Burlington 3 |
TOP OF THE 8TH |
Charleston RiverDogs batting - Pitching for Burlington Bees : RHP Jose Alvarado
|
Pitching: RHP Nick Madrid
|
|
Batting: RHB Louwe Starmans
|
0-0: Called Strike 0-1: Ball 1-1: Foul Ball, location: 2F 1-2: Strikes out swinging, 2-3 out at first.
|
Batting: RHB Jonathan Iniguez
|
0-0: Ball 1-0: Foul Ball, location: 2F 1-1: Called Strike 1-2: Ball 2-2: Ball 3-2: Reached on error, E3 (Groundball, 3L, EV 79.4 MPH)
|
Batting: SHB Corey Penson
|
0-0: Ball 1-0: Foul Ball, location: 2F 1-1: Ball 2-1: Called Strike 2-2: Ball 3-2: Strikes out swinging
|
Batting: LHB Justin O'Neal
|
0-0: Ball 1-0: Swinging Strike 1-1: Swinging Strike 1-2: Strikes out swinging
|
Top of the 8th over - 0 runs, 0 hits, 1 error, 1 left on base; Charleston 1 - Burlington 3 |
BOTTOM OF THE 8TH |
Burlington Bees batting - Pitching for Charleston RiverDogs : LHP Alex Pulido
|
Batting: RHB Dan Burkhart
|
0-0: Ball 1-0: Ball 2-0: Swinging Strike 2-1: Ball 3-1: Fly out, F7 (Flyball, 78S, EV 82.5 MPH)
|
Batting: LHB Dave Hicks
|
0-0: Ball 1-0: Swinging Strike 1-1: Ball 2-1: TRIPLE (Line Drive, 7LD, EV 113.8 MPH)
|
Batting: SHB Danny Gelinas
|
0-0: Called Strike 0-1: Ball 1-1: Ball 2-1: Ball Steal of home, Dave Hicks is out 3-1: Foul Ball, location: 2F 3-2: Fly out, F3 (Popup, 3S, EV 80.6 MPH)
|
Bottom of the 8th over - 0 runs, 1 hit, 0 errors, 0 left on base; Charleston 1 - Burlington 3 |
TOP OF THE 9TH |
Charleston RiverDogs batting - Pitching for Burlington Bees : RHP Nick Madrid
|
Pitching: RHP Manuel Vega
|
|
Batting: RHB Mike Zern
|
0-0: Called Strike 0-1: Called Strike 0-2: Foul Ball, location: 2F 0-2: Strikes out swinging
|
Batting: LHB Steve LeGrand
|
0-0: Ground out 5-3 (Groundball, 5, EV 108.8 MPH)
|
Batting: LHB Dale Anderson
|
0-0: Ball 1-0: Foul Ball, location: 2F 1-1: Swinging Strike 1-2: Foul Ball, location: 2F 1-2: Strikes out looking
|
Top of the 9th over - 0 runs, 0 hits, 0 errors, 0 left on base; Charleston 1 - Burlington 3 |
|